cohdb
Replays
Latest Replays
All Replays
Popular Replays
Top Player Replays
Match Explorer
How It Works
Community
CoH3 Stats
Reddit
Sign in to upload your games and track your stats! →
Sign in with Steam
Match 36507067
Unlisted
Match 36507067
Overview
Messages
Build Orders
End
Construct Section Command Post
Infantry Section
Selects Indian Artillery Battlegroup
Dingo Light Scout Car
Vickers Machine Gun Team
Infantry Section
Selects Towed ML 4.2-inch Heavy Mortar
Towed ML 4.2-inch Heavy Mortar
Construct Platoon Command Post
Selects Valour
Humber Armored Car
Vickers Machine Gun Team
Selects Gurkha Rifles Section
Gurkha Rifles Section
Gurkha Rifles Section
Selects Pillage
Tomata
stonda.m
Atomic Floyd
deadsadbadmad
0
0
Comments
sign in to comment!
No comments posted yet!